 Dungeon Crawl Stone Soup version 0.23.2-1-ga50397a (webtiles) character file.

Game seed: 9403911740631868025

12117 Kairos the Cruncher (level 12, -10/92 HPs)
             Began as a Formicid Fighter on Apr 19, 2019.
             Was the Champion of Okawaru.
             Mangled by a minotaur
             ... wielding the +11 trident "Beastbane" {freeze, Int+2}
              (16 damage)
             ... in a Gauntlet.
             The game lasted 00:22:38 (8480 turns).

Kairos the Cruncher (Formicid Fighter)              Turns: 8480, Time: 00:22:38

Health: -10/92     AC: 20    Str: 26    XL:     12   Next: 16%
Magic:  11/13      EV: 10    Int:  8    God:    Okawaru [******]
Gold:   643        SH: 14    Dex: 12    Spells: 11/11 levels left

rFire    . . .     SeeInvis +   o - +2 quarterstaff (drain)
rCold    . . .     Gourm    +   c - +0 shield
rNeg     + . .     Faith    .   l - +0 plate armour
rPois    .         Spirit   .   (helmet unavailable)
rElec    .         Reflect  .   (no cloak)
rCorr    .         Harm     .   p - +0 pair of gloves
MR       ++...                  n - +2 pair of boots
Stlth    ..........             h - amulet of the gourmand
HPRegen  0.25/turn              C - ring of positive energy
MPRegen  0.13/turn              z - ring of protection from magic

@: heroism
A: permanent stasis, dig shafts and tunnels, four strong arms, antennae 3, agile
1, wild magic 1
a: Dig, Shaft Self, Heroism, Finesse, Renounce Religion


You were in a Gauntlet.
You worshipped Okawaru.
Okawaru was exalted by your worship.
You were not hungry.

You visited 3 branches of the dungeon, and saw 11 of its levels.
You also visited: Sewer and Gauntlet.

You collected 643 gold pieces.

Inventory:

Hand Weapons
 a - a +1 quarterstaff
 o - a +2 quarterstaff of draining (weapon)
Armour
 c - a +0 shield (worn)
 l - a +0 plate armour (worn)
 n - a +2 pair of boots (worn)
 p - a +0 pair of gloves (worn)
 q - the +1 leather armour of Plasticity {rF+}
   (You found it on level 4 of the Dungeon)

   It protects you from fire.
 E - a +0 cloak
Magical Staves
 y - an uncursed staff of earth
Jewellery
 h - an amulet of the gourmand (around neck)
 x - an uncursed ring of flight
 z - a ring of protection from magic (right hand)
 C - a ring of positive energy (left hand)
 G - an uncursed ring of wizardry
 H - the ring of the Mage {Wiz MR++ Int+3}
   (You found it in a Gauntlet)

   [ring of wizardry]

   It improves your spell success rate.
   It affects your intelligence (+3).
   It affects your resistance to hostile enchantments.
Wands
 r - a wand of digging (6)
 s - a wand of acid (13)
 u - a wand of scattershot (5)
 B - a wand of iceblast (8)
Scrolls
 i - 4 scrolls of identify
 k - 2 scrolls of magic mapping
 m - 9 scrolls of remove curse
 v - 4 scrolls of fog
 w - a scroll of fear
 A - a scroll of noise {unknown}
Potions
 b - 3 potions of brilliance {unknown}
 d - a potion of might
 e - 4 potions of heal wounds
 g - 9 potions of curing
 j - 7 potions of flight
 t - 3 potions of lignification
 F - 2 potions of cancellation {unknown}
Comestibles
 f - 15 rations


   Skills:
 + Level 7.9(12.9) Fighting
 - Level 14.0(19.0) Staves
 + Level 7.2(12.2) Armour
 + Level 1.3(6.3) Dodging
 + Level 1.4(6.4) Stealth
 + Level 9.3(14.3) Shields
 + Level 1.7 Invocations
 + Level 1.4 Evocations


You had 11 spell levels left.
You didn't know any spells.
Your spell library contained the following spells:

 Spells                   Type           Power        Failure   Level  Hunger
 Confusing Touch          Hex            #.....       99%         1    ##.....
 Magic Dart               Conj           #...         99%         1    ##.....
 Sandblast                Erth           #.....       99%         1    ##.....
 Call Imp                 Summ           #.......     99%         2    ###....
 Passwall                 Tmut/Erth      #.......     99%         2    ###....
 Slow                     Hex            #.......     99%         2    ###....
 Confuse                  Hex            #.......     100%        3    ####...
 Conjure Flame            Conj/Fire      #.......     100%        3    ####...
 Gell's Gravitas          Tloc           #.........   100%        3    ####...
 Mephitic Cloud           Conj/Pois/Air  #.......     100%        3    ####...
 Stone Arrow              Conj/Erth      #.....       100%        3    ####...
 Petrify                  Tmut/Erth      #.......     100%        4    #####..
 Lee's Rapid Deconstruct  Erth           #.........   100%        5    ######.
 Metabolic Englaciation   Hex/Ice        #.........   100%        5    ######.
 Yara's Violent Unravell  Hex/Tmut       #.........   100%        5    ######.
 Blink                    Tloc           Unusable     N/A         2    N/A

Dungeon Overview and Level Annotations

Branches:
Dungeon (9/15)             Temple (1/1) D:4            Lair (1/6) D:8
    Orc: D:9-12

Altars:
Ashenzari
Cheibriados
Dithmenos
Elyvilon
Fedhas
Gozag
Hepliaklqana
Kikubaaqudgha
Makhleb
Nemelex Xobeh
Okawaru
Qazlal
Ru
Sif Muna
Trog
Uskayaw
Vehumet
Wu Jian
Xom
Yredelemnul
Zin
The Shining One

Annotations:
D:6 1 runed translucent door, doot's ghost, novice DEWz Gauntlet 12 transporters, exclusions: obsidian statue and 1 more exclusion


Innate Abilities, Weirdness & Mutations

You cannot be hasted, slowed, berserked, paralysed or teleported.
You can dig through walls and to a lower floor.
Your four strong arms can wield two-handed weapons with a shield.
You have a pair of large antennae on your head. (SInv)
You are agile. (Dex +2)
Your spells are a little harder to cast, but a little more powerful.


Message History

The minotaur freezes you! You block the minotaur's attack.
There is an open door, spattered with blood here.
You bludgeon the minotaur!!
The minotaur is moderately wounded.
The minotaur hits you but does no damage.
You block the minotaur's attack.
You barely miss the minotaur.
The minotaur is moderately wounded.
You barely miss the minotaur.
The minotaur is moderately wounded.
The minotaur hits you with the +11 trident "Beastbane" {freeze, Int+2}!!
* * * LOW HITPOINT WARNING * * *
The minotaur freezes you!
* * * LOW HITPOINT WARNING * * *
The minotaur gores you but does no damage.
You feel much better.
The minotaur hits you with the +11 trident "Beastbane" {freeze, Int+2}!!
* * * LOW HITPOINT WARNING * * *
The minotaur freezes you!
You die...

#8#
#8##≈...............≈##8#
#8# ###
####8..©.©.©.©.©.©..8####
### #≈......[........≈#
#####.###.###.#####
###.###.###.##*
#.............#
#.###.###.###.#
#.............#
#######@######* *#H#**
***..∩,* *,+⌠...***
**#...⌠+{* #.⌠..#**
##+### *,* ***


You could see a minotaur.

Vanquished Creatures
  A blizzard demon (Gauntlet)
  A two-headed ogre (D:7)
  7 death yaks (D:8)
  Pikel (D:6)
  Maurice (D:8)
  An ice devil (Gauntlet)
  A tengu conjurer (D:8)
  A hippogriff (Lair:1)
  A hungry ghost (D:8)
  2 steam dragons (D:8)
  Menkaure (D:6)
  Duvessa (D:4)
  3 water moccasins
  2 ice beasts
  2 eyes of draining (D:5)
  An orc warrior (D:9)
  2 phantoms
  8 ogres
  5 centaurs
  2 big kobolds
  A gnoll sergeant (D:2)
  A bullfrog (D:8)
  A wyvern zombie (D:9)
  4 scorpions
  Dowan (D:4)
  A killer bee (D:9)
  A howler monkey (D:4)
  6 crimson imps
  2 jellies
  4 orc priests
  6 hounds
  12 orc wizards
  2 centaur skeletons
  3 iguanas
  9 worker ants
  A hound zombie (D:6)
  A howler monkey skeleton (D:6)
  14 gnolls
  10 adders
  5 river rats (Sewer)
  2 shadow imps
  5 white imps (Gauntlet)
  4 oozes
  3 adder skeletons
  6 worms
  4 dart slugs
  11 leopard geckos
  22 orcs
  5 ball pythons (Sewer)
  11 bats
  7 giant cockroaches
  7 goblins
  13 hobgoblins
  7 jackals
  6 quokkas
  7 frilled lizards
  31 kobolds
  A leopard gecko skeleton (D:3)
  2 quokka skeletons
  32 rats
315 creatures vanquished.

Vanquished Creatures (others)
  2 demonic plants (Gauntlet)
  5 toadstools (D:1)
  16 withered plants (Gauntlet)
23 creatures vanquished.

Grand Total: 338 creatures vanquished

Notes
Turn   | Place    | Note
-------+----------+-------------------------------------------
     0 | D:1      | Kairos the Formicid Fighter began the quest for the Orb.
     0 | D:1      | Reached XP level 1. HP: 18/18 MP: 1/1
    86 | D:1      | Reached XP level 2. HP: 20/24 MP: 2/2
   178 | D:1      | Reached XP level 3. HP: 27/29 MP: 3/3
   553 | D:1      | Gained mutation: Your spells are a little harder to cast,
                  | but a little more powerful. [potion of mutation]
   553 | D:1      | Gained mutation: You are agile. (Dex +2) [potion of
                  | mutation]
   633 | D:2      | Reached XP level 4. HP: 36/37 MP: 4/4
   918 | D:2      | Reached skill level 3 in Staves
  1024 | D:3      | Noticed a gnoll sergeant
  1044 | D:2      | Killed a gnoll sergeant
  1044 | D:2      | Reached XP level 5. HP: 26/42 MP: 5/5
  1177 | D:2      | Reached XP level 6. HP: 47/48 MP: 6/6
  1260 | D:3      | Found a burning altar of Makhleb.
  1273 | D:3      | Reached skill level 4 in Staves
  1971 | D:4      | Reached skill level 5 in Shields
  1983 | D:4      | Noticed Dowan
  1992 | D:4      | Noticed Duvessa
  2025 | D:4      | Killed Dowan
  2025 | D:4      | Reached skill level 5 in Staves
  2025 | D:4      | Reached XP level 7. HP: 27/54 MP: 7/7
  2053 | D:4      | Killed Duvessa
  2357 | D:4      | Got a heavily runed leather armour
  2368 | D:4      | Identified the +1 leather armour of Plasticity {rF+} (You
                  | found it on level 4 of the Dungeon)
  2413 | D:4      | Reached skill level 6 in Staves
  2610 | D:4      | Reached XP level 8. HP: 58/60 MP: 8/8
  2634 | D:4      | Found a shimmering altar of Xom.
  2749 | D:4      | Found a staircase to the Ecumenical Temple.
  2777 | Temple   | Entered the Ecumenical Temple
  2964 | Temple   | Became a worshipper of Warmaster Okawaru
  3080 | D:5      | Entered Level 5 of the Dungeon
  3157 | D:5      | Found a glowing drain.
  3190 | D:5      | Reached skill level 7 in Staves
  3201 | Sewer    | Entered a sewer
  3280 | Sewer    | Reached skill level 1 in Dodging
  3512 | Sewer    | Reached * piety under Okawaru
  3512 | Sewer    | Reached skill level 5 in Armour
  3979 | D:5      | Reached skill level 8 in Staves
  4004 | D:5      | Reached XP level 9. HP: 57/66 MP: 9/9
  4082 | D:5      | Found a bloodstained altar of Trog.
  4111 | D:5      | Reached ** piety under Okawaru
  4111 | D:5      | Reached skill level 5 in Fighting
  4111 | D:5      | Reached skill level 9 in Staves
  4202 | D:5      | Found a basalt altar of Yredelemnul.
  4633 | D:6      | Noticed Menkaure
  4640 | D:6      | Killed Menkaure
  4983 | D:6      | Noticed Pikel
  5002 | D:6      | Killed Pikel
  5002 | D:6      | Reached *** piety under Okawaru
  5002 | D:6      | Reached skill level 10 in Staves
  5002 | D:6      | Reached XP level 10. HP: 72/76 MP: 10/10
  5049 | D:6      | Found a runed translucent door.
  5050 | D:6      | Noticed doot's ghost (novice DEWz)
  5500 | D:7      | Received a gift from Okawaru
  5606 | D:7      | Noticed a two-headed ogre
  5613 | D:7      | Killed a two-headed ogre
  5613 | D:7      | Reached **** piety under Okawaru
  5613 | D:7      | Reached skill level 11 in Staves
  5654 | D:7      | Found a glowing silver altar of Zin.
  5714 | D:7      | Found a sacrificial altar of Ru.
  6106 | D:8      | Noticed a death yak
  6106 | D:8      | Noticed a death yak
  6106 | D:8      | Noticed a death yak
  6108 | D:8      | Noticed a death yak
  6111 | D:8      | Noticed a death yak
  6124 | D:8      | Killed a death yak
  6125 | D:8      | Noticed a death yak
  6141 | D:8      | Killed a death yak
  6141 | D:8      | Reached skill level 12 in Staves
  6141 | D:8      | Reached skill level 1 in Evocations
  6141 | D:8      | Reached XP level 11. HP: 49/83 MP: 8/11
  6142 | D:8      | Noticed a death yak
  6158 | D:8      | Killed a death yak
  6158 | D:8      | Reached ***** piety under Okawaru
  6158 | D:8      | Reached skill level 1 in Stealth
  6167 | D:8      | Killed a death yak
  6175 | D:8      | Killed a death yak
  6175 | D:8      | Reached skill level 1 in Invocations
  6192 | D:8      | Killed a death yak
  6194 | D:8      | Killed a death yak
  6194 | D:8      | Reached skill level 13 in Staves
  6199 | D:8      | Found a staircase to the Lair.
  6225 | D:8      | Noticed Maurice
  6247 | D:8      | Killed Maurice
  6547 | D:8      | Found an opulent altar of Gozag.
  7178 | D:9      | Reached ****** piety under Okawaru
  7599 | D:9      | Reached XP level 12. HP: 84/92 MP: 13/13
  7715 | Lair:1   | Entered Level 1 of the Lair of Beasts
  7792 | Lair:1   | Found a gate leading to a gauntlet.
  7805 | Gauntlet | Entered a Gauntlet
  7805 | Gauntlet | Found a transporter.
  7805 | Gauntlet | Noticed a catoblepas
  7816 | Gauntlet | Found a transporter.
  7831 | Gauntlet | Found a transporter.
  7836 | Gauntlet | Found a transporter.
  7853 | Gauntlet | Found a transporter.
  7871 | Gauntlet | Found a transporter.
  7871 | Gauntlet | Noticed a hell beast
  7883 | Gauntlet | Found a transporter.
  7889 | Gauntlet | Found a transporter.
  7904 | Gauntlet | Found a transporter.
  7904 | Gauntlet | Noticed a blizzard demon
  7916 | Gauntlet | Found a transporter.
  7922 | Gauntlet | Found a transporter.
  7922 | Gauntlet | Found a transporter.
  7928 | Gauntlet | Noticed a death yak
  7928 | Gauntlet | Noticed a death yak
  7928 | Gauntlet | Noticed a death yak
  7928 | Gauntlet | Noticed a death yak
  7936 | Gauntlet | Noticed a cacodemon
  7937 | Gauntlet | Found a transporter.
  7954 | Gauntlet | Found a transporter.
  7973 | Gauntlet | Found a transporter.
  7974 | Gauntlet | Found the ring of the Mage {Wiz MR++ Int+3}
  8000 | Gauntlet | Found a transporter.
  8028 | Gauntlet | Found a transporter.
  8030 | Gauntlet | Found a transporter.
  8175 | Gauntlet | Got a pitted cloak
  8188 | Gauntlet | HP: 1/92 [blizzard demon (9)]
  8190 | Gauntlet | Killed a blizzard demon
  8190 | Gauntlet | Reached skill level 14 in Staves
  8203 | Gauntlet | Identified the -7 cloak of Ygivit {rF- rN+ Dex+2 Stlth+}
                  | (You found it in a Gauntlet)
  8471 | Gauntlet | Identified the +11 trident "Beastbane" {freeze, Int+2}
  8471 | Gauntlet | Identified the +9 plate armour of Qazlal's Regard {Slay+3}
  8471 | Gauntlet | Noticed a minotaur
  8480 | Gauntlet | Mangled by a minotaur

Skill      XL: |  1  2  3  4  5  6  7  8  9 10 11 12 |
---------------+-------------------------------------+-----
Shields        | 4 5 6 8 9 |  9.3
Armour         | 4 5 6 7 |  7.2
Staves         | 3 5 6 8 10 12 13 14 | 14.0
Fighting       | 4 5 6 7 |  7.9
Dodging        | 1 |  1.3
Evocations     | 1 |  1.4
Stealth        | 1 |  1.4
Invocations    | 1 |  1.7

Action                   |  1- 3 |  4- 6 |  7- 9 | 10-12 || total
-------------------------+-------+-------+-------+-------++-------
Melee: Quarterstaff      |    99 |   249 |   362 |   412 ||  1122
Invok: Heroism           |       |       |       |    11 ||    11
 Abil: Dig               |       |     2 |     4 |    10 ||    16
Evoke: Wand              |       |       |       |     6 ||     6
  Use: Scroll            |     5 |     4 |     5 |     2 ||    16
       Potion            |     1 |       |     1 |     7 ||     9
  Eat: Chunk             |       |     4 |    15 |     5 ||    24
       Ration            |       |       |       |     2 ||     2
Armor: Scale mail        |    30 |    45 |       |       ||    75
       Plate armour      |       |    43 |   156 |   104 ||   303
       Skin              |       |       |     9 |       ||     9
Dodge: Dodged            |    33 |    55 |    67 |    62 ||   217
Block: Shield            |    47 |   125 |   179 |   136 ||   487
